Map: Submarine LE

Players

MassVoidRay

  • Race: Protoss Protoss
  • League: Master
  • Spawn Location: 11:00

TopFivHotKys - Winner!

  • Race: Protoss Protoss
  • Spawn Location: 5:00

VOD

Have the link to the VOD?

Description

Time

  • Played on: Nov. 25, 2020, 6:19 a.m.
  • Length: 4:17
Show
View Real Time Build Order
Export as new Build Order

MassVoidRay Protoss 

Build Orders:  

Get SALT Encoding   

  12  0:02  Probe  
  13  0:14  Probe  
  13  0:18  Pylon  
  14  0:27  Probe (Chrono Boost)  
  15  0:38  Gateway  
  15  0:39  Probe (Chrono Boost)  
  16  0:48  Probe (Chrono Boost)  
  16  0:57  Assimilator  
  17  1:10  Probe  
  18  1:29  Zealot (Chrono Boost)  
  20  1:34  Probe  
  21  1:46  Probe  
  22  2:01  Cybernetics Core  
  22  2:09  Probe  
  22  2:39  Pylon  
  22  2:51  Zealot  
  23  3:01  Gateway  
  23  3:03  Pylon  
  15  3:23  Probe  
Show
View Real Time Build Order
Export as new Build Order

TopFivHotKys Protoss - Winner!

Build Orders:  

Get SALT Encoding   

  12  0:02  Probe (Chrono Boost)  
  13  0:12  Probe (Chrono Boost)  
  14  0:21  Pylon  
  14  0:22  Probe  
  15  0:39  Probe  
  15  0:41  Pylon  
  16  0:44  Pylon  
  16  1:06  Pylon  
  16  1:11  Gateway  
  16  1:14  Pylon  
  16  1:25  Pylon  
  16  1:36  Gateway  
  16  1:40  Pylon  
  16  1:44  Gateway  
  16  1:58  Zealot (Chrono Boost)  
  16  1:59  Gateway  
  18  2:07  Pylon  
  18  2:26  Gateway  
  18  2:31  Zealot (Chrono Boost)  
  22  2:38  Pylon, Zealot (Chrono Boost)  
  22  2:51  Pylon  
  22  2:52  Zealot (Chrono Boost)  
  22  3:04  Zealot x2  
  26  3:16  Zealot  
  26  3:19  Zealot  
  30  3:31  Zealot  
  26  3:43  Zealot x2  
Tags
 
League
Master
Matchup
PvP
Spawn Locations
Cross Positions
Add a new tag
Caveats
  • Supply blocks, unpowered buildings, or Contaminate may cause inaccurate times.
  • Supply counts are checked every 10 seconds.